 Dungeon Crawl Stone Soup version 0.18-a0-1211-g828307d (webtiles) character file.

88 Gagarin the Skirmisher (level 4, 0/39 HPs)
             Began as a Centaur Chaos Knight on Feb 2, 2016.
             Slain by a shadow (4 damage)
             ... summoned by the capriciousness of Xom
             ... on level 3 of the Dungeon.
             The game lasted 00:06:16 (1856 turns).

Gagarin the Skirmisher (Centaur Chaos Knight)       Turns: 1856, Time: 00:06:16

Health: 0/39       AC:  7    Str: 14    XL:     4   Next: 30%
Magic:  4/4        EV:  9    Int: 11    God:    Xom [.*....]
Gold:   144        SH:  0    Dex: 10    Spells: 0 memorised, 3 levels left

rFire  . . .     SeeInvis .     a - +0 spear (chaos)
rCold  . . .     Gourm    .     b - +2 leather armour
rNeg   . . .     Faith    .     (no shield)
rPois  .         Spirit   .     e - +0 helmet
rElec  .         Dismiss  .     (no cloak)
rCorr  .         Reflect  .     (no gloves)
SustAt +         Harm     .     (no barding)
MR     .....                    g - amulet of rage
Stlth  ..........               (no ring)
                                u - ring of sustain attributes

@: very quick, not resistant to hostile enchantments, extremely unstealthy
A: hooves 3, deformed body, speed 2, tough skin 3
a: Renounce Religion, Evoke Berserk Rage


You were on level 3 of the Dungeon.
You worshipped Xom.
You were a plaything of Xom.
You were not hungry.

You visited 1 branch of the dungeon, and saw 3 of its levels.

You collected 144 gold pieces.

Inventory:

Hand Weapons
 a - a +0 spear of chaos (weapon)
 x - a +4 war axe
Missiles
 t - 11 arrows
Armour
 b - a +2 leather armour (worn)
 e - a +0 helmet (worn)
Jewellery
 g - an amulet of rage (around neck)
 r - an uncursed amulet of magic regeneration
 u - a ring of sustain attributes (left hand)
Scrolls
 d - a scroll of teleportation
 f - a scroll of identify {unknown}
 i - a scroll of fear {unknown}
 m - 2 scrolls of remove curse {unknown}
 n - a scroll of fog {unknown}
 q - a scroll of enchant weapon {unknown}
 v - a scroll of random uselessness {unknown}
Potions
 l - a potion of flight
 o - a potion of magic {unknown}
 p - a potion of brilliance {unknown}
 w - a potion of cure mutation {unknown}
Comestibles
 c - 2 bread rations
 h - 2 beef jerkies
 j - 8 chunks of flesh
 s - a meat ration


   Skills:
 + Level 3.6 Fighting
 + Level 3.5 Polearms
 + Level 1.8 Armour
 + Level 1.5 Dodging


You had 3 spell levels left.
You didn't know any spells.

Dungeon Overview and Level Annotations

Branches:
Dungeon (3/15)

Altars:
Dithmenos
Yredelemnul


Innate Abilities, Weirdness & Mutations

You have hooves in place of feet.
Armour fits poorly on your strangely shaped body.
You cover ground very quickly.
You have extremely tough skin (AC +3).


Message History

You hit the shadow.
The shadow is lightly damaged.
You hit the shadow but do no damage.
The shadow is lightly damaged.
The shadow hits you!
You hit the shadow but do no damage. You kick the shadow, but do no damage.
The shadow is lightly damaged.
The shadow hits you. x2
You hit the shadow. Your kick misses the shadow.
The shadow is moderately damaged.
The shadow hits you!
* * * LOW HITPOINT WARNING * * *
The shadow hits you.
* * * LOW HITPOINT WARNING * * *
Drink which item? (? for menu, Esc to quit)
It was a potion of cancellation.
You feel magically purged.
Xom thinks this is hilarious!
The shadow hits you.
You die... "Boring in life, boring in death..."

...# #.# #.# ##.# #.#
#.# ##.####### #.# #.#
...<<....# #.# #.#
##.#####.# #.# #.####
....# #.# #.# #....#
#.#.####.###.# ####.#
.............########.#
........(......W@W.##.#
.........#########.##.#
...[###### #.##.# >...#
######....# #.#.#
#.........# #.#.#
#......##.# #.#.
##.......#.#
#...###....#
#..##.##...#


You could see 2 shadows.

Vanquished Creatures
  3 adders
  An ooze (D:2)
  3 giant geckos
  An orc (D:3)
  2 bats (D:2)
  3 giant cockroaches
  5 goblins
  9 hobgoblins
  6 jackals (D:1)
  3 kobolds
  A quokka (D:2)
  A ball python (D:2)
  A giant newt (D:2)
  10 rats
49 creatures vanquished.

Notes
Turn   | Place    | Note
--------------------------------------------------------------
     0 | D:1      | Gagarin the Centaur Chaos Knight began the quest for the Orb.
     0 | D:1      | Reached XP level 1. HP: 19/19 MP: 1/1
   209 | D:1      | Reached XP level 2. HP: 24/26 MP: 2/2
   343 | D:1      | XOM: silly message
   654 | D:2      | XOM: harmless Ice miscast
   664 | D:2      | Reached XP level 3. HP: 26/31 MP: 3/3
   667 | D:2      | Reached skill level 1 in Dodging
   672 | D:2      | XOM: divination: detect creatures
  1148 | D:2      | Found a basalt altar of Yredelemnul.
  1249 | D:2      | Reached XP level 4. HP: 32/39 MP: 4/4
  1255 | D:2      | XOM: harmless Trmt miscast
  1314 | D:2      | XOM: silly message
  1514 | D:3      | XOM: silly message
  1719 | D:3      | Found a faded altar to an unknown god.
  1758 | D:3      | XOM: harmless Divn miscast
  1810 | D:3      | Found a shadowy altar of Dithmenos.
  1851 | D:3      | XOM is BORED!
  1851 | D:3      | XOM: medium Necr miscast
  1852 | D:3      | Noticed a shadow
  1852 | D:3      | Noticed a shadow
  1856 | D:3      | Slain by a shadow

Vault maps used:
D:1:      grunt_arrival_crossed_arrows, serial_forest,
          infiniplex_forest_corner_1, infiniplex_forest_clump_medium,
          infiniplex_forest_lined_4_way, infiniplex_forest_clump_small,
          infiniplex_forest_straight_4, infiniplex_forest_zigzag_2,
          infiniplex_forest_lined_room_2, infiniplex_forest_clump_small,
          infiniplex_forest_straight_4, infiniplex_forest_lined_1
D:2:      lemuel_coloured_pillars_altar, first_bread, grunt_ministairs_11
D:3:      nicolae_dithmenos_through_a_glass_darkly, ecumenical_altar_1

Action                   |  1- 3 |  4- 6 || total
-------------------------+-------+-------++-------
Melee: Spear             |   121 |    33 ||   154
  Use: Scroll            |     1 |       ||     1
       Potion            |     1 |     1 ||     2
 Stab: Confused          |       |     1 ||     1
  Eat: Chunk             |       |     2 ||     2
